 Dungeon Crawl Stone Soup version 0.28-a0-1395-g4f6bc678fa (webtiles) character file.

Game seed: 7041152993965480433

247 Gwenloh the Conjurer (level 5, -17/38 HPs)
             Began as a Demigod Conjurer on Jan 4, 2022.
             Shot with a sling bullet by Joseph (20 damage)
             ... on level 8 of the Dungeon.
             The game lasted 00:12:35 (5160 turns).

Gwenloh the Conjurer (Demigod Conjurer)             Turns: 5160, Time: 00:12:35

Health: -17/38     AC:  3    Str: 12    XL:     5   Next: 55%
Magic:  12/12      EV: 12    Int: 28    God:
Gold:   55         SH:  0    Dex: 12    Spells: 3/9 levels left

rFire   . . .      SeeInvis .   k - +4 mace of Purpose {vorpal, Str+4 Int+4}
rCold   . . .      Faith    .   (no shield)
rNeg    + . .      Spirit   .   j - +0 robe {rN+}
rPois   .          Reflect  .   (no helmet)
rElec   .          Harm     .   (no cloak)
rCorr   .          Rampage  .   p - +0 pair of gloves
Will    .....                   (no boots)
Stlth   ++........              (no amulet)
HPRegen 0.12/turn               (no ring)
MPRegen 0.13/turn               (no ring)

@: no status effects
A: high mp 1, forlorn, divine attributes
a: no special abilities


You were on level 8 of the Dungeon.
You visited 1 branch of the dungeon, and saw 8 of its levels.

You collected 133 gold pieces.
You spent 78 gold pieces at shops.

Inventory:

Hand Weapons
 b - a +0 dagger
 k - the +4 mace of Purpose (weapon) {vorpal, Str+4 Int+4}
   (You found it on level 2 of the Dungeon)

   It inflicts extra damage upon your enemies.
   Str:       It affects your strength (+4).
   Int:       It affects your intelligence (+4).
Armour
 j - a +0 robe of positive energy (worn)
 p - a +0 pair of gloves (worn)
Scrolls
 a - 2 scrolls of immolation
 d - 2 scrolls of fear
 f - 3 scrolls of enchant armour
 g - 2 scrolls of teleportation
 o - 2 scrolls of amnesia
 r - a scroll of enchant weapon {unknown}
 s - a scroll of identify
 t - a scroll of fog {unknown}
Potions
 c - a potion of mutation {unknown}
 e - 3 potions of lignification {unknown}
 h - 2 potions of haste {unknown}
 i - 3 potions of heal wounds {unknown}
 l - a potion of might {unknown}
 m - a potion of experience {unknown}
 q - 2 potions of curing {unknown}


   Skills:
 + Level 3.0 Dodging
 - Level 1.7 Stealth
 + Level 2.8 Spellcasting
 * Level 5.1 Conjurations
 + Level 1.5 Air Magic


You had 3 spell levels left.
You knew the following spells:

 Your Spells              Type           Power      Damage    Failure   Level
a - Magic Dart            Conj           100%       1d8       1%          1
b - Searing Ray           Conj           64%        2d6       1%          2
c - Mephitic Cloud        Conj/Pois/Air  16%        N/A       10%         3

Your spell library contained the following spells:

 Spells                   Type           Power      Damage    Failure   Level
 Slow                     Hex            16%        N/A       9%          1
 Dazzling Flash           Conj/Hex       36%        N/A       9%          3
 Call Imp                 Summ           4%         N/A       13%         2
 Confusing Touch          Hex            4%         N/A       26%         3
 Vampiric Draining        Necr           4%         2d6       26%         3
 Fulminant Prism          Conj/Hex       9%         3d7       28%         4
 Iskenderun's Mystic Bla  Conj/Tloc      18%        2d6       28%         4


Dungeon Overview and Level Annotations

Branches:
Dungeon (10/15)            Temple (0/1) D:4
   Lair: D:8-11         Orc: D:9-12

Shops:
D:2 :(?:(

Portals:
Trove: D:10 (give +2 shadow dragon scales)

Annotations:
D:8 Joseph


Innate Abilities, Weirdness & Mutations

You have an increased reservoir of magic. (+10% MP)
You shall have no god before yourself.
Your divine heritage dramatically boosts your attributes as you level up.


Message History

There is a stone staircase leading down here.
t - a scroll labelled URAAHIKHUO
There is a stone staircase leading down here.
A troll comes into view.
The troll shouts!
An electric eel comes into view.
The electric eel shoots out a bolt of lightning at you!
The bolt of electricity hits the plant.
The plant begins to die.
The bolt of electricity hits you!!
The electric eel shoots out a bolt of lightning at you!
The bolt of electricity misses you.
There is a stone staircase leading down here.
You climb downwards.
There is a stone staircase leading up here.
You start resting.
HP restored.
You start waiting.
Done waiting.
You start waiting.
Done waiting.
You start waiting.
Done waiting.
You start waiting.
Done waiting.
You climb upwards.
The troll bites you! The troll claws you!
The troll claws you but does no damage. The troll bites you but does no damage.
The troll claws you. The troll misses you.
There is a stone staircase leading down, spattered with blood here.
Blink to where?
Press: ? - help, Dir - move target
As you read the scroll of blinking, it crumbles to dust.
There is a stone staircase leading up here.
You climb upwards.
Level annotation: Joseph Joseph shoots a sling bullet.
The sling bullet hits you!
* * * LOW HITPOINT WARNING * * *
There is a stone staircase leading down, spattered with blood here.
Joseph shoots a sling bullet.
The sling bullet hits you!!
Ouch! That really hurt!
You die...

..# ... ##. #.#####.####
... #..........# ##.
#..@.......# ...
#..........# ### #.
#..........# #.# # #.
#..........# #.#.# ##
#..........#####.#.#
#......@...........
#.#####..##...##.#######
#.# #..................
#.# #.#################
#.# #.. ..... #.# ####
####### #.# #.# #.#


You could see Joseph.

Vanquished Creatures
  A howler monkey (D:9)
  2 hounds (D:4)
  A jelly (D:4)
  Jessica (D:2)
  An orc wizard (D:9)
  2 adders
  A worm (D:4)
  An orc (D:4)
  5 ball pythons
  7 bats
  5 endoplasms
  2 hobgoblins
  2 jackals (D:2)
  4 quokkas
  3 frilled lizards
  A goblin (D:1)
  A jackal skeleton (D:4)
  4 kobolds
  6 rats
50 creatures vanquished.

Vanquished Creatures (others)
  5 fungi (D:8)
  27 plants
32 creatures vanquished.

Grand Total: 82 creatures vanquished

Notes
Turn   | Place    | Note
-------+----------+-------------------------------------------
     0 | D:1      | Gwenloh the Demigod Conjurer began the quest for the Orb.
     0 | D:1      | Reached XP level 1. HP: 14/14 MP: 5/5
   503 | D:1      | Reached XP level 2. HP: 20/20 MP: 1/7
   506 | D:1      | Learned a level 2 spell: Searing Ray
   874 | D:1      | Reached skill level 4 in Conjurations
  1151 | D:2      | Found Ahill's Antique Weapon Emporium.
  1170 | D:2      | Found Wutere's Book Boutique.
  1362 | D:2      | Noticed Jessica
  1365 | D:2      | Killed Jessica
  1366 | D:2      | Reached XP level 3. HP: 26/26 MP: 5/9
  1499 | D:2      | Learned a level 3 spell: Mephitic Cloud
  1547 | D:2      | Found Aharaumu's Book Emporium.
  1694 | D:2      | Identified the +4 mace of Purpose {vorpal, Str+4 Int+4}
  1931 | D:2      | Found Quthe's Antique Weapon Boutique.
  2010 | D:2      | Found Irucigga's Magic Scroll Shop.
  2018 | D:2      | Bought 3 scrolls of identify for 78 gold pieces
  3099 | D:4      | Reached XP level 4. HP: 33/33 MP: 4/10
  3599 | D:4      | Found a staircase to the Ecumenical Temple.
  3626 | D:4      | Reached skill level 1 in Air Magic
  3798 | D:4      | Reached XP level 5. HP: 33/38 MP: 7/11
  3953 | D:5      | Entered Level 5 of the Dungeon
  3953 | D:5      | You fall into a shaft and drop 3 floors!
  4045 | D:8      | Noticed Joseph
  4282 | D:9      | Noticed a troll
  4330 | D:9      | Reached skill level 5 in Conjurations
  4535 | D:10     | Entered Level 10 of the Dungeon
  4535 | D:10     | Found a portal to a secret trove of treasure.
  4537 | D:10     | Noticed a troll
  4583 | D:9      | Noticed a troll
  5160 | D:8      | Shot with a sling bullet by Joseph

Illustrated notes

Levels and vault maps discovered:
D:1:      roderic_octagonal_star, layout_basic, basic_ecumenical_altar,
          minmay_pentomino_x2
D:2:      layout_basic, serial_shops, nicolae_shop_stone,
          nicolae_shop_advertising_works [nicolae_subvault_shop_adworks], shop,
          nicolae_lakefront_shop, shop, amcnicky_mini_pool_small,
          corexii_item_surrounded_by_moat, uniq_jessica
D:3:      layout_loops_ring
D:4:      layout_cave_pools, minmay_temple_entry_poolview, hex_tiny,
          kennysheep_path_1
D:5:      layout_basic, uniq_pikel
D:8:      layout_basic, grunt_lair_entry_orc_guard_hut, serial_co_window_serial,
          co_window_of_opportunity_a, co_window_corner_a, co_window_corner_a,
          co_window_of_opportunity_a, co_window_paths_b, co_window_corner_b,
          co_window_corner_ca, co_window_unsneaky_path_b, co_window_4corner_a,
          co_window_4corner_b, glass_columns_c, glass_columns_a, uniq_joseph
D:9:      layout_cave_pods, david_orc_2, serial_bayou, serial_bayou_pond_a,
          serial_bayou_lagoon_a, serial_bayou_shore_b, serial_bayou_lagoon_b,
          st_stairs_11
D:10:     layout_cave_pools, enter_trove_2

Skill      XL: |  1  2  3  4  5 |
---------------+----------------+-----
Dodging        | 2 3 |  3.0
Spellcasting   | 2 |  2.8
Conjurations   | 4 5 |  5.1
Air Magic      | 1 |  1.5
Stealth        | |  1.7

Action                   |  1- 3 |  4- 6 || total
-------------------------+-------+-------++-------
Melee: Dagger            |     2 |       ||     2
       Mace              |       |     4 ||     4
 Cast: Magic Dart        |    63 |    22 ||    85
       Searing Ray       |     6 |     4 ||    10
  Use: Scroll            |     4 |     3 ||     7
Armor: Robe              |       |     4 ||     4
Dodge: Dodged            |     3 |    10 ||    13

Table legend: (Time is in decaauts)
 A = Elapsed time spent in this place.
 B = Non-inter-level travel time spent in this place.
 C = Inter-level travel time spent in this place.
 D = Time resting spent in this place.
 E = Time spent auto-exploring this place.
 F = Levels seen in this place.
 G = Mean time per level.
                   A        B        C        D        E       F      G
               +--------+--------+--------+--------+--------+-----+--------+
         Total |   5161 |   5052 |    109 |    904 |   3521 |   8 |  645.1 |
       Dungeon |   5161 |   5052 |    109 |    904 |   3521 |   8 |  645.1 |
               +--------+--------+--------+--------+--------+-----+--------+

Top non-repeatable levels by time:
     D:2: 1163 daAuts
     D:1: 1088 daAuts
     D:4: 892 daAuts
     D:3: 808 daAuts
     D:9: 585 daAuts
    D:10: 540 daAuts
     D:8: 83 daAuts
